 Dungeon Crawl Stone Soup version 0.31.0-32-g396128a36d (webtiles) character file.

Game seed: 12083346629786765910

101052 Gabide the Stormcaller (level 16, -2/101 HPs)
             Began as a Tengu Air Elementalist on Apr 15, 2024.
             Was a High Priest of Vehumet.
             Killed from afar by a tengu reaver (51 damage)
             ... with a bolt of fire
             ... on level 15 of the Dungeon.
             The game lasted 01:15:30 (38328 turns).

Gabide the Stormcaller (Tengu Air Elementalist)    Turns: 38328, Time: 01:15:31

Health: -2/101     AC: 15    Str:  8    XL:     16   Next: 29%
Magic:  28/36      EV: 35    Int: 37    God:    Vehumet [*****.]
Gold:   1129       SH:  0    Dex: 15    Spells: 22/45 levels left

rFire   . . .        a - staff of conjuration
rCold   . . .        (no shield)
rNeg    + . .        J - +1 robe "Idexkal" {Int+7}
rPois   .            k - +2 hat
rElec   .            u - +2 cloak
rCorr   .            m - +2 pair of gloves
SInv    .            (boots unavailable)
Will    +....        Q - amulet of regeneration
Stlth   ++           o - ring of positive energy
HPRegen 1.16/turn    I - ring of Propriety {AC+4 Str-2 Int+8}
MPRegen 0.25/turn

%: acrobat
@: acrobatic, flying
A: beak, talons 3, evasive flight, acrobatic
a: Renounce Religion


You were on level 15 of the Dungeon.
You worshipped Vehumet.
Vehumet was extremely pleased with you.
You visited 3 branches of the dungeon, and saw 21 of its levels.
You also visited: Ossuary.

You collected 1857 gold pieces.
You spent 728 gold pieces at shops.

Inventory:

Hand Weapons
 b - a +2 rapier of speed
 A - a +0 sling
Missiles
 y - 2 throwing nets
 S - 8 curare-tipped darts
Armour
 d - +0 swamp dragon scales
 k - a +2 hat (worn)
 m - a +2 pair of gloves (worn)
 u - a +2 cloak (worn)
 w - a +2 robe of cold resistance
 C - an orb of mayhem
 J - the +1 robe "Idexkal" (worn) {Int+7}
   (You found it on level 9 of the Dungeon)

   Int+7:     It affects your intelligence (+7).
Magical Staves
 a - a staff of conjuration (weapon)
Jewellery
 o - a ring of positive energy (left hand)
 I - the ring of Propriety (right hand) {AC+4 Str-2 Int+8}
   (You acquired it on level 9 of the Dungeon)

   [ring of protection]

   AC+4:      It affects your AC (+4).
   Str-2:     It affects your strength (-2).
   Int+8:     It affects your intelligence (+8).
 Q - an amulet of regeneration (around neck)
Wands
 h - a wand of iceblast (8)
 i - a wand of mindburst (10)
 p - a wand of flame (15)
 z - a wand of digging (4)
 L - a wand of polymorph (7)
Scrolls
 f - 2 scrolls of poison
 j - a scroll of brand weapon
 n - 11 scrolls of teleportation
 t - 2 scrolls of blinking
 B - a scroll of silence
 D - a scroll of immolation
 E - 8 scrolls of identify
 H - 2 scrolls of fog
 M - 2 scrolls of revelation
 O - a scroll of enchant armour
 R - a scroll of fear {unknown}
 T - a scroll of amnesia {unknown}
 V - a scroll of enchant weapon
Potions
 c - 6 potions of might
 e - 2 potions of enlightenment
 g - 2 potions of resistance
 l - 3 potions of lignification
 q - 4 potions of curing
 r - 4 potions of ambrosia
 s - 2 potions of brilliance
 v - a potion of haste
 x - 5 potions of attraction
 F - 2 potions of mutation
 G - a potion of berserk rage
 K - 2 potions of invisibility
 P - 2 potions of cancellation
Miscellaneous
 N - a tin of tremorstones (2/2)
 U - a phial of floods


   Skills:
 + Level 11.8 Fighting
 - Level 9.0 Dodging
 - Level 3.0 Stealth
 - Level 15.0 Spellcasting
 - Level 18.0 Conjurations
 - Level 18.0 Air Magic


You had 22 spell levels left.
You knew the following spells:

 Your Spells              Type           Power      Damage    Failure   Level
a - Shock                 Conj/Air       100%       1d9       0%          1
b - Static Discharge      Conj/Air       100%       3-8/arc   0%          2
c - Swiftness             Air            100%       N/A       0%          3
d - Airstrike             Air            51%        2d(8-24)  0%          4
e - Mercury Vapours       Alch/Air       100%       N/A       1%          2
f - Fulminant Prism       Conj/Alch      48%        3d21      1%          4
g - Hailstorm             Conj/Ice       96%        3d15      1%          3
h - Brom's Barrelling Bo  Conj/Erth      96%        2d11      1%          4

Your spell library contained the following spells:

 Spells                   Type           Power      Damage    Failure   Level
 Ensorcelled Hibernation  Hex/Ice        54%        N/A       1%          2
 Summon Lightning Spire   Summ/Air       76%        N/A       1%          4
 Call Canine Familiar     Summ           27%        N/A       3%          3
 Passwall                 Erth           27%        N/A       3%          3
 Sigil of Binding         Hex            27%        N/A       3%          3
 Tukima's Dance           Hex            27%        N/A       3%          3
 Lee's Rapid Deconstruct  Erth           13%        3d9*      10%         5
 Yara's Violent Unravell  Hex/Alch       13%        3d7       10%         5
 Animate Armour           Summ/Erth      54%        N/A       13%         4
 Animate Dead             Necr           27%        N/A       13%         4
 Dimensional Bullseye     Hex/Tloc       13%        N/A       13%         4
 Passage of Golubria      Tloc           27%        N/A       13%         4
 Borgnjor's Vile Clutch   Necr/Erth      13%        N/A       34%         5
 Death Channel            Necr           13%        N/A       89%         6


Dungeon Overview and Level Annotations

Branches:
Dungeon (15/15)            Temple (1/1) D:5            Lair (5/5) D:8
  Swamp (0/4) Lair:2        Snake (0/4) Lair:2        Slime (0/5) Lair:4
    Orc (0/2) D:11         Vaults (0/5) D:14        Ossuary (visited)
 Depths: D:15

Altars:
Ashenzari
Cheibriados
Dithmenos
Elyvilon
Fedhas
Gozag
Hepliaklqana
Kikubaaqudgha
Makhleb
Nemelex Xobeh
Okawaru
Qazlal
Ru
Sif Muna
Trog
Uskayaw
Vehumet
Wu Jian
Xom
Yredelemnul
Zin
The Shining One
Jiyva
Lugonu

Shops:
D:11 ?(   D:13 (

Portals:
Abyss: Lair:5

Annotations:
Lair:4 1 runed translucent door


Innate Abilities, Weirdness & Mutations

You have a beak for a mouth.
You have claws for feet.
Your magical flight helps you evade attacks. (EV +4)
You can magically evade attacks while moving or waiting.


Message History

The air twists around and strikes the tengu warrior!
You kill the tengu warrior!
Vehumet accepts your kill.
Magic restored.
Items here: ) [[ †.
Things that are here:
3 large rocks; a cyclops corpse
i - a wand of mindburst (10)
You now have 1129 gold pieces (gained 23).
Found 15 gold pieces.
The tengu reaver shouts!
A tengu reaver is nearby!
Press: ? - help, v - describe, . - travel
Here: a tengu reaver, wielding a +0 great mace and wearing a +0 ring mail (repelling missiles)
The floor.
Casting: Airstrike (safe; 0% risk of failure)
Confirm with . or Enter, or press ? or * to list all spells.
Okay, then.
Casting: Airstrike (safe; 0% risk of failure)
Confirm with . or Enter, or press ? or * to list all spells.
You don't know that spell.
Casting: Airstrike (safe; 0% risk of failure)
Confirm with . or Enter, or press ? or * to list all spells.
Aiming: Brom's Barrelling Boulder (safe; 1% risk of failure)
Press: ? - help, Dir - move target, f - tengu reaver
Aim: a tengu reaver, wielding a +0 great mace and wearing a +0 ring mail (repelling missiles, 100% to hit)
You feel a surge of power!
You send a boulder barrelling forward!
The air twists around and strikes the tengu reaver!!
The tengu reaver is moderately wounded.
The tengu reaver points at you and mumbles some strange words.
The bolt of fire hits your boulder!
Your boulder resists.
The bolt of fire hits you!!!
Ouch! That really hurt!
The tengu reaver casts a spell at you. The bolt of fire hits your boulder.
Your boulder resists.
The bolt of fire hits you!!!
Ouch! That really hurt!
You die...

....................#..
(......................
##.....................
#...................#.
##.................... .
#......<............. ...
##.................##
.....##^...................
....Q*☼○○.@........###.....
..#.$.##...^........##..... #.#
#.....^......#...### ..
#...............#### ...
####..............##... ......
#.#..##...........#.#..
......###.....##..........#....
...##.#.#....##.........).#....
.............##....##.....####.


You could see a tengu reaver (repels missiles, ally target) and a friendly
boulder.

Vanquished Creatures
  Rupert (D:12)
  Louise (D:14)
  Nessos (Lair:4)
  Josephine (D:13)
  Fannar (D:12)
  8 hydras
  5 centaur warriors
  5 boulder beetles
  3 catoblepae
  6 two-headed ogres
  2 dancing weapons (D:14)
  A death yak (Lair:2)
  4 tengu warriors
  A deep troll earth mage (D:15)
  4 thrashing horrors (Lair:5)
  2 skysharks (Lair:5)
  Sonja (Lair:4)
  4 skeletal warriors
  An arcanist (D:14)
  4 large abominations (Lair:5)
  3 deep elf pyromancers
  19 ugly things
  An orc knight (D:9)
  An oklob plant (Lair:5)
  A salamander (shapeshifter) (D:13)
  6 cyclopes
  3 manticores
  3 elephants (Lair:2)
  7 meliai
  6 black mambas
  A smoke demon (Lair:5)
  Jeremiah (D:6)
  13 cane toads
  A kobold demonologist (D:12)
  10 komodo dragons
  7 rime drakes
  A yaktaur (D:15)
  4 tengu conjurers
  A komodo dragon (shapeshifter) (Lair:5)
  Maggie (D:7)
  A freezing wraith (D:15)
  4 trolls
  A polar bear (shapeshifter) (Lair:5)
  A hornet (shapeshifter) (Lair:5)
  A raiju (Lair:5)
  3 hornets
  48 blink frogs
  12 dream sheep
  6 slime creatures
  A centaur simulacrum (D:14)
  2 vampires
  A spriggan (Lair:5)
  13 wraiths
  61 yaks
  A shadow (D:11)
  5 wyverns
  A ynoxinul (Lair:5)
  4 basilisks
  A chaos spawn (Lair:5)
  Duvessa (D:6)
  19 water moccasins
  An acid dragon (D:11)
  2 laughing skulls (D:15)
  11 orc warriors
  2 black bears
  An ice beast (D:8)
  A sky beast (D:7)
  25 wolves
  14 centaurs
  A phantom (D:5)
  A kobold brigand (D:9)
  2 elf zombies (Ossuary)
  13 bullfrogs
  3 scorpions
  8 small abominations (Lair:5)
  2 gnoll sergeants
  A wyvern zombie (D:6)
  5 wights (D:7)
  Dowan (D:6)
  6 killer bees (D:9)
  6 howler monkeys
  2 electric eels
  2 bullfrog zombies (D:6)
  A human zombie (D:4)
  3 jellies
  Crazy Yiuf (D:2)
  A gnoll bouda (D:9)
  4 orc priests
  A bullfrog skeleton (D:6)
  A centaur skeleton (D:6)
  3 hounds
  Jessica (D:2)
  Ijyb (D:3)
  An iguana (D:5)
  2 sleepcaps
  Natasha (thrice) (D:3)
  16 hell rats
  9 orc wizards
  A killer bee zombie (D:6)
  4 mummies (Ossuary)
  12 gnolls
  2 adders
  10 river rats (Lair:4)
  4 white imps
  2 adder zombies (Ossuary)
  2 ribbon worms
  4 dart slugs
  44 orcs
  5 ball pythons
  2 bats (D:1)
  5 endoplasms
  A giant cockroach (D:3)
  2 gnoll zombies (Ossuary)
  4 goblins
  5 hobgoblins
  9 kobolds
  3 quokkas
  2 goblin zombies (Ossuary)
  A hobgoblin zombie (Ossuary)
  A kobold zombie (Ossuary)
  An orc zombie (Ossuary)
  11 rats
  A rat zombie (Ossuary)
629 creatures vanquished.

Vanquished Creatures (collateral kills)
  A slime creature (D:13)
  2 boulders (Lair:5)
3 creatures vanquished.

Vanquished Creatures (others)
  2 boulders (Lair:5)
  35 fulminant prisms
37 creatures vanquished.

Grand Total: 669 creatures vanquished

Notes
Turn   | Place    | Note
-------+----------+-------------------------------------------
     0 | D:1      | Gabide the Tengu Air Elementalist began the quest for the
                  | Orb.
     0 | D:1      | Reached XP level 1. HP: 10/10 MP: 4/4
   179 | D:1      | Reached XP level 2. HP: 14/15 MP: 1/6
   762 | D:1      | Reached XP level 3. HP: 20/20 MP: 2/7
  1048 | D:2      | Reached XP level 4. HP: 12/24 MP: 1/8
  1189 | D:2      | Reached skill level 1 in Fighting
  1224 | D:2      | Noticed Jessica
  1228 | D:2      | Killed Jessica
  1395 | D:2      | Found a runed translucent door.
  1396 | D:2      | Noticed Crazy Yiuf
  1428 | D:2      | Killed Crazy Yiuf
  1429 | D:2      | Reached skill level 5 in Air Magic
  1429 | D:2      | Reached XP level 5. HP: 29/29 MP: 2/10
  1751 | D:2      | Found a faded altar of an unknown god.
  2109 | D:3      | Found a white marble altar of Elyvilon.
  2109 | D:3      | Found a basalt altar of Yredelemnul.
  2110 | D:3      | Found a bloodstained altar of Trog.
  2179 | D:3      | Noticed Natasha
  2185 | D:3      | Killed Natasha
  2325 | D:3      | Noticed Ijyb
  2342 | D:3      | Killed Ijyb
  2600 | D:3      | Found a radiant altar of Vehumet.
  2614 | D:3      | Noticed Natasha
  2625 | D:3      | Killed Natasha
  2865 | D:3      | Noticed Natasha
  2873 | D:3      | Killed Natasha
  2874 | D:3      | Reached XP level 6. HP: 33/34 MP: 3/11
  3053 | D:4      | Learned a level 2 spell: Static Discharge
  3223 | D:4      | Found a shimmering altar of Xom.
  3224 | D:4      | Found a hazy altar of Hepliaklqana.
  3224 | D:4      | Noticed a caustic shrike
  3225 | D:4      | Noticed a spectral ugly thing
  3225 | D:4      | Noticed a caustic shrike
  3282 | D:4      | Found a sand-covered staircase.
  3326 | Ossuary  | Entered an ossuary
  3380 | Ossuary  | Gained mutation: Your magical flight helps you evade
                  | attacks. (EV +4) [Tengu growth]
  3380 | Ossuary  | Reached XP level 7. HP: 15/40 MP: 0/13
  4030 | D:4      | Found an opulent altar of Gozag.
  4214 | D:3      | Became a worshipper of Vehumet
  4546 | D:5      | Entered Level 5 of the Dungeon
  4909 | D:5      | Reached skill level 5 in Conjurations
  4945 | D:5      | Found a staircase to the Ecumenical Temple.
  4951 | Temple   | Entered the Ecumenical Temple
  5739 | D:5      | Found a hide-covered altar of Uskayaw.
  5742 | D:5      | Reached XP level 8. HP: 45/45 MP: 12/15
  6187 | D:6      | Found a snail-covered altar of Cheibriados.
  6491 | D:6      | Noticed Dowan
  6567 | D:6      | Noticed Jeremiah
  6583 | D:6      | Killed Jeremiah
  6584 | D:6      | Reached skill level 5 in Spellcasting
  6914 | D:6      | Noticed Duvessa
  6921 | D:6      | Killed Duvessa
  6926 | D:6      | Killed Dowan
  6927 | D:6      | Reached XP level 9. HP: 41/50 MP: 6/18
  7233 | D:7      | Noticed a cyan ugly thing
  7681 | D:8      | Learned a level 3 spell: Swiftness
  7686 | D:8      | Learned a level 4 spell: Airstrike
  7774 | D:8      | Noticed a centaur warrior
  7776 | D:8      | Noticed a red ugly thing
  8189 | D:8      | Killed a centaur warrior
  8190 | D:8      | Reached skill level 10 in Conjurations
  8190 | D:8      | Reached skill level 10 in Air Magic
  8190 | D:8      | Reached XP level 10. HP: 24/56 MP: 18/20
  8229 | D:8      | Reached * piety under Vehumet
  8229 | D:8      | Offered knowledge of Sandblast by Vehumet.
  8235 | D:8      | Noticed a deep elf pyromancer
  8238 | D:8      | Killed a deep elf pyromancer
  8515 | D:7      | Killed a cyan ugly thing
  8814 | D:7      | Noticed Maggie
  8818 | D:7      | Killed Maggie
  8819 | D:7      | Reached skill level 5 in Dodging
  9649 | D:8      | Reached skill level 5 in Fighting
  9728 | D:8      | Killed a red ugly thing
 10136 | D:8      | Found a shimmering blue altar of Sif Muna.
 10316 | D:8      | Reached XP level 11. HP: 52/64 MP: 17/22
 10358 | D:8      | Found a staircase to the Lair.
 10415 | D:8      | Found a sacrificial altar of Ru.
 11127 | D:9      | Offered knowledge of Mercury Vapours by Vehumet.
 11129 | D:9      | Reached ** piety under Vehumet
 11366 | D:9      | Identified a scroll of acquirement
 11368 | D:9      | Acquired the ring of Propriety {AC+4 Str-2 Int+8}
 11374 | D:9      | Learned a level 2 spell: Mercury Vapours
 11535 | D:9      | Identified the +1 robe "Idexkal" {Int+7}
 12147 | D:9      | Offered knowledge of Frozen Ramparts by Vehumet.
 12212 | D:9      | Noticed an orc knight
 12520 | D:9      | Killed an orc knight
 13025 | D:10     | Entered Level 10 of the Dungeon
 13256 | D:10     | Noticed a two-headed ogre
 13259 | D:10     | Killed a two-headed ogre
 13347 | D:10     | Reached *** piety under Vehumet
 13353 | D:10     | Noticed a cyan ugly thing
 13390 | D:10     | Killed a cyan ugly thing
 13790 | D:10     | Noticed a cyclops
 13793 | D:10     | Killed a cyclops
 13849 | D:10     | Identified the +1 ring mail "Rischom" {rPois Dex+3}
 13890 | D:10     | Found a shadowy altar of Dithmenos.
 14729 | D:11     | Noticed a manticore
 14884 | D:11     | Found a staircase to the Orcish Mines.
 14886 | D:11     | Found Mudikh's Weapon Boutique.
 14889 | D:11     | Killed a manticore
 15231 | D:11     | Noticed a two-headed ogre
 15234 | D:11     | Killed a two-headed ogre
 15235 | D:11     | Reached XP level 12. HP: 71/71 MP: 13/26
 15304 | D:11     | Noticed a two-headed ogre
 15445 | D:11     | Identified the +0 chain mail of Pauxac {Regen+}
 15514 | D:11     | Killed a two-headed ogre
 15589 | D:11     | Noticed a two-headed ogre
 15595 | D:11     | Killed a two-headed ogre
 15928 | D:11     | Found Xeguurph's Magic Scroll Shop.
 15931 | D:11     | Bought a scroll of acquirement for 728 gold pieces
 15931 | D:11     | Acquired a staff of conjuration
 16017 | D:11     | Offered knowledge of Fulminant Prism by Vehumet.
 16191 | D:11     | Learned a level 4 spell: Fulminant Prism
 16279 | D:11     | Noticed a boulder beetle
 16287 | D:11     | Killed a boulder beetle
 16510 | D:12     | Noticed a boulder beetle
 16523 | D:12     | Killed a boulder beetle
 16523 | D:12     | Noticed Rupert
 16524 | D:12     | Reached skill level 10 in Spellcasting
 16721 | D:12     | Noticed Fannar
 16754 | D:12     | Noticed a two-headed ogre
 16990 | D:11     | Killed a two-headed ogre
 17292 | D:12     | Killed Rupert
 17454 | D:12     | Noticed a two-headed ogre
 17457 | D:12     | Killed a two-headed ogre
 17764 | D:12     | Killed Fannar
 18095 | D:12     | Reached XP level 13. HP: 62/76 MP: 16/28
 19322 | D:13     | Reached **** piety under Vehumet
 20229 | D:13     | Offered knowledge of Hailstorm by Vehumet.
 20363 | D:12     | Learned a level 3 spell: Hailstorm
 20422 | D:13     | Reached skill level 15 in Air Magic
 20424 | D:13     | Reached skill level 15 in Conjurations
 20428 | D:13     | Noticed Josephine
 20457 | D:13     | Killed Josephine
 20620 | D:13     | Identified the +0 robe of Deriz {+Blink Str+2}
 20947 | D:13     | Found Lenant's Antique Weapon Emporium.
 21237 | Lair:1   | Entered Level 1 of the Lair of Beasts
 22404 | Lair:1   | Reached XP level 14. HP: 86/86 MP: 25/31
 22419 | Lair:1   | Reached ***** piety under Vehumet
 22419 | Lair:1   | Offered knowledge of Flame Wave by Vehumet.
 23603 | Lair:2   | Found a staircase to the Swamp.
 24268 | Lair:2   | Identified the +1 plate armour "Pitixtoqau" {rElec Will+
                  | Regen+}
 24420 | Lair:2   | Found a staircase to the Snake Pit.
 27511 | Lair:4   | Noticed Sonja
 27515 | Lair:4   | Killed Sonja
 28496 | Lair:4   | Noticed Nessos
 28504 | Lair:4   | Killed Nessos
 29232 | Lair:4   | Reached skill level 10 in Fighting
 29312 | Lair:4   | Found a runed translucent door.
 29312 | Lair:4   | Found a viscous altar of Jiyva.
 29312 | Lair:4   | Found a staircase to the Slime Pits.
 29354 | Lair:5   | Entered Level 5 of the Lair of Beasts
 29478 | Lair:5   | Reached XP level 15. HP: 92/92 MP: 7/33
 29790 | Lair:5   | Offered knowledge of Brom's Barrelling Boulder by Vehumet.
 29871 | Lair:4   | Learned a level 4 spell: Brom's Barrelling Boulder
 32297 | Lair:5   | Identified the +7 chain mail of the Gate {rElec rC+}
 33460 | Lair:5   | Found a corrupted altar of Lugonu.
 33460 | Lair:5   | Found a one-way gate to the infinite horrors of the Abyss.
 33467 | Lair:5   | Identified the +2 scale mail of the Eagle {Rampage}
 33486 | Lair:5   | Identified the +0 chain mail of Xoipsech {rF+}
 34576 | D:14     | Noticed Louise
 34580 | D:14     | Killed Louise
 35391 | D:14     | Reached XP level 16. HP: 100/100 MP: 7/35
 36652 | D:14     | Found a gate to the Vaults.
 36767 | D:15     | Entered Level 15 of the Dungeon
 37250 | D:15     | Reached skill level 15 in Spellcasting
 37385 | D:15     | Noticed a tengu reaver
 38328 | D:15     | Killed from afar by a tengu reaver

Illustrated notes

Levels and vault maps discovered:
D:1:      dpeg_arrival_pond, layout_loops_cross, hangedman_decor_growths
D:2:      cheibrodos_pilgrimage, layout_rooms, ebering_ecumenical_altar_webs,
          uniq_crazy_yiuf_cottage, uniq_jessica
D:3:      layout_basic, nicolae_overflow_quartered_altars,
          serial_bayou_lagoon_b, uniq_ijyb, uniq_natasha
D:4:      layout_gridville, regret_index_temple_of_mockery,
          nicolae_gozag_cash_rules_everything_around_me, enter_ossuary_3,
          hex_medium
D:5:      layout_loops_ring, kennysheep_mini, minmay_temple_entry_sparse_star,
          serial_park_tiny_2
D:6:      layout_loops_ring, kennysheep_slug_shrine, serial_undead,
          serial_undead_c, serial_undead_c, serial_undead_e, serial_undead_f,
          uniq_duvessa, uniq_jeremiah
D:7:      layout_cave_pools, uniq_maggie
D:8:      minmay_bloctagon, layout_layer_cave, nicolae_ru_awakened_eye,
          lair_entry_dummy, enter_bailey_7,
          serial_library_hellmonk_narrow_alcove
D:9:      layout_loops_ring, lightli_church_of_beogh
D:10:     layout_big_octagon, lemuel_round_altar, lemuel_flame_loot_1
D:11:     layout_cave_pools, orc_david_3, serial_shops,
          nicolae_shop_real_fake_doors, kennysheep_kite_vault
D:12:     layout_layer_cave, grunt_ministairs_5, uniq_rupert, uniq_fannar
D:13:     layout_rooms, serial_shops, nicolae_shop_hallway_plus, uniq_josephine
D:14:     layout_cave_pools, erik_vaults_1, hangedman_abyss_or_decor_clamps,
          uniq_louise
D:15:     grunt_enter_depths_magical_seal, layout_cave_pools,
          hangedman_abyss_or_decor_passed, wad_dig_loot
Temple:   minmay_temple_curvy_loop
Lair:1:   layout_small_grid, serial_bayou_shore_b
Lair:2:   layout_cellular_growth, swamp_mist, minmay_snake_entry_six_corridors,
          serial_bayou_pond_b, lemuel_fruit_fields
Lair:3:   layout_cave_pods, patterned_corridor
Lair:4:   layout_loops_ring, slime_entry_2, kennysheep_rathole, uniq_sonja,
          uniq_nessos
Lair:5:   hellmonk_lair_end_abyssal_woods, layout_loops_ring,
          serial_bayou_shore_b, serial_bayou_shore_b

Skill      XL: |  1  2  3  4  5  6  7  8  9 10 11 12 13 14 15 16 |
---------------+-------------------------------------------------+-----
Conjurations   | 2 3 4 5 7 10 11 12 14 15 16 18 | 18.0
Fighting       | 1 2 3 4 5 6 7 9 10 11 | 11.8
Air Magic      | 5 6 7 8 10 11 12 14 15 16 18 | 18.0
Spellcasting   | 3 4 5 6 7 9 10 12 13 14 15 | 15.0
Dodging        | 3 4 5 6 7 9 |  9.0
Stealth        | 3 |  3.0

Action                     |  1- 3 |  4- 6 |  7- 9 | 10-12 | 13-15 | 16-18 || total
---------------------------+-------+-------+-------+-------+-------+-------++-------
  Melee: Dagger            |       |    23 |     2 |    54 |       |       ||    79
         Kick              |       |    10 |     1 |    12 |    64 |     3 ||    90
         Peck              |       |     2 |       |     7 |    37 |     3 ||    49
         Punch             |       |       |       |     1 |     5 |       ||     6
         Staff             |       |       |       |       |   135 |     3 ||   138
         Rapier            |       |       |       |       |    20 |     4 ||    24
  Throw: Dart              |       |       |       |       |     1 |       ||     1
   Cast: Shock             |    47 |   115 |   176 |    50 |    23 |       ||   411
         Static Discharge  |       |       |    49 |    48 |    86 |     1 ||   184
         Airstrike         |       |       |    10 |   227 |   620 |    72 ||   929
         Mercury Vapours   |       |       |       |    22 |    23 |     1 ||    46
         Fulminant Prism   |       |       |       |     9 |    19 |     7 ||    35
         Swiftness         |       |       |       |       |     6 |     1 ||     7
         Hailstorm         |       |       |       |       |    16 |     4 ||    20
         Brom's Barrelling |       |       |       |       |    10 |     3 ||    13
  Evoke: Wand              |       |       |       |     1 |     5 |       ||     6
    Use: Scroll            |     2 |     8 |    13 |    12 |    11 |       ||    46
         Potion            |       |     2 |     3 |     5 |     7 |       ||    17
   Stab: Paralysed         |       |       |       |       |     2 |       ||     2
 Armour: Robe              |     3 |    46 |   126 |   137 |   371 |    26 ||   709
  Dodge: Dodged            |       |    55 |   103 |   149 |   447 |    25 ||   779
  Block: Other             |       |       |       |    21 |       |       ||    21
